 Dungeon Crawl Stone Soup version 0.30-a0-377-g5cb311bc9f (webtiles) character file.

Game seed: 5826020026316297621

10892 DeathPants the Covert (level 11, -2/60 HPs)
             Began as a Vine Stalker Brigand on Nov 28, 2022.
             Was an Initiate of Gozag.
             Shot with an arrow by a centaur warrior (8 damage)
             ... on level 11 of the Dungeon.
             The game lasted 00:51:46 (11379 turns).

DeathPants the Covert (Vine Stalker Brigand)       Turns: 11379, Time: 00:51:46

Health: -2/60      AC: 11    Str: 14    XL:     11   Next: 69%
Magic:  0/15       EV: 16    Int: 11    God:    Gozag
Gold:   1044       SH:  0    Dex: 20    Spells: 7/15 levels left

rFire   . . .      SeeInvis .    b - +2 short sword (freeze)
rCold   . . .      Faith    .    (no shield)
rNeg    . . .      Spirit   +    q - +0 steam dragon scales
rPois   .          Reflect  .    x - +1 helmet
rElec   .          Harm     .    c - +1 cloak
rCorr   .          Rampage  .    (no gloves)
Will    +....                    t - +1 pair of boots
Stlth   +++++.....               (no amulet)
HPRegen 1.10/turn                (no ring)
MPRegen 0.14/turn                (no ring)

@: gold aura
A: fangs 3, regeneration 1, magic shield, antimagic bite, no potion heal 2
a: Renounce Religion, Potion Petition, Call Merchant, Bribe Branch


You were on level 11 of the Dungeon.
You worshipped Gozag.
Gozag was most pleased with you.
You visited 2 branches of the dungeon, and saw 16 of its levels.

You collected 1220 gold pieces.
You spent 36 gold pieces at shops.
You paid 140 gold pieces to Gozag.

Inventory:

Hand Weapons
 a - a +2 dagger
 b - a +2 short sword of freezing (weapon)
 j - a +1 long sword of holy wrath
Missiles
 d - 39 poisoned darts (quivered)
 e - 3 curare-tipped darts
 h - a throwing net
 y - 6 datura-tipped darts
 K - 4 boomerangs
Armour
 c - a +1 cloak (worn)
 q - +0 steam dragon scales (worn)
 t - a +1 pair of boots (worn)
 x - a +1 helmet (worn)
 A - a +2 leather armour of cold resistance
 H - a scarf of invisibility
Jewellery
 l - a ring of ice
 s - an amulet of reflection
 C - a +6 ring of strength
 L - a ring of fire
 N - a ring of flight
Wands
 w - a wand of polymorph (8)
 z - a wand of roots (9)
 G - a wand of charming (12)
 M - a wand of mindburst (1)
 P - a wand of light (3)
Scrolls
 f - 4 scrolls of butterflies
 g - a scroll of vulnerability
 k - a scroll of summoning {unknown}
 r - 2 scrolls of silence
 B - 3 scrolls of immolation
 D - a scroll of brand weapon {unknown}
 E - a scroll of amnesia {unknown}
 F - a scroll of enchant weapon {unknown}
 J - a scroll of poison {unknown}
 O - a scroll of teleportation
 R - a scroll of magic mapping
Potions
 i - 3 potions of attraction
 n - 2 potions of cancellation
 p - 3 potions of resistance
 u - 2 potions of haste
 v - 9 potions of curing
 I - 2 potions of brilliance


   Skills:
 + Level 8.0 Fighting
 + Level 8.0 Short Blades
 - Level 6.0 Throwing
 - Level 6.6 Dodging
 - Level 11.4 Stealth
 + Level 2.5 Spellcasting
 + Level 2.4 Hexes
 + Level 2.5 Transmutations


You had 7 spell levels left.
You knew the following spells:

 Your Spells              Type           Power      Damage    Failure   Level
a - Tukima's Dance        Hex            6%         N/A       30%         3
b - Yara's Violent Unrav  Hex/Tmut       3%         3d4       95%         5

Your spell library contained the following spells:

 Spells                   Type           Power      Damage    Failure   Level
 Wereblood                Tmut           7%         N/A       14%         2
 Passwall                 Tmut/Erth      3%         N/A       24%         2
 Ensorcelled Hibernation  Hex/Ice        8%         N/A       26%         2
 Summon Small Mammal      Summ           4%         N/A       28%         1
 Sublimation of Blood     Necr           1%         N/A       38%         2
 Summon Guardian Golem    Hex/Summ       4%         N/A       45%         3
 Call Canine Familiar     Summ           1%         N/A       63%         3
 Swiftness                Air            1%         N/A       63%         3
 Olgreb's Toxic Radiance  Pois           1%         N/A       95%         4
 Passage of Golubria      Tloc           1%         N/A       95%         4
 Ozocubu's Refrigeration  Ice            0%         4d7       100%        7
 Summon Hydra             Summ           0%         N/A       100%        7
 Ignition                 Fire           0%         3d3       100%        8


Dungeon Overview and Level Annotations

Branches:
Dungeon (15/15)            Temple (1/1) D:5            Lair (0/5) D:11
    Orc (0/2) D:9
 Vaults: D:13-14     Depths: D:15

Altars:
Ashenzari
Cheibriados
Dithmenos
Elyvilon
Fedhas
Gozag
Hepliaklqana
Kikubaaqudgha
Makhleb
Nemelex Xobeh
Okawaru
Qazlal
Ru
Sif Muna
Trog
Uskayaw
Vehumet
Wu Jian
Xom
Yredelemnul
Zin
The Shining One

Shops:
D:5 :   D:10 *

Annotations:
D:10 1 runed translucent door, Zonian's ghost, journeyman DjIE
D:11 Gastronok


Innate Abilities, Weirdness & Mutations

You have razor-sharp teeth.
Your natural rate of healing is unusually fast.
When hurt, damage is shared between your health and your magic reserves.
Your bite disrupts and absorbs the magic of your enemies.
Potions cannot restore your health.


Message History

The centaur warrior is almost dead.
The rat is no longer distracted by gold.
The centaur warrior hits you but does no damage.
The centaur warrior kicks you but does no damage.
The rat misses you.
The two-headed ogre struggles against the net.
The net rips apart, and the two-headed ogre comes free!
You hit the centaur warrior. You freeze the centaur warrior.
The centaur warrior is almost dead.
The centaur warrior hits you. The centaur warrior closely misses you.
Gastronok casts a spell.
Gastronok puts on a burst of speed!
You hit the centaur warrior. You freeze the centaur warrior.
The centaur warrior is almost dead.
The rat bites you but does no damage.
The two-headed ogre hits you with a +0 giant club.
The two-headed ogre hits you with a +0 giant club!!
* * * LOW HITPOINT WARNING * * *
The centaur warrior misses you.
The centaur warrior kicks you but does no damage.
You puncture the two-headed ogre! You freeze the two-headed ogre.
You bite the two-headed ogre! You drain its power.
You feel invigorated.
The two-headed ogre is heavily wounded.
The centaur warrior hits you.
* * * LOW HITPOINT WARNING * * *
The centaur warrior completely misses you.
The rat barely misses you.
You have no ailments to cure.
As you read the scroll of fear, it crumbles to dust.
You assume a fearsome visage.
The troll looks frightened!
The quokka looks frightened!
Gastronok looks frightened!
The centaur warrior easily resists.
The centaur looks frightened!
The rat looks frightened!
The two-headed ogre looks frightened!
The troll is no longer distracted by gold.
The centaur warrior is distracted by your dazzling golden aura.
The centaur warrior is no longer distracted by gold.
The centaur warrior wields a +0 longbow.
The centaur warrior shoots an arrow.
The arrow hits you!
You die...
Your body crumbles into a pile of gold.

,..[W#.#....## *** *.$....#.##..#
*,, ,....#...##..# **,,
#*.#.#.#.##..# **,,,
..,....#.....# ***.,,,
#.##.#.#.##(w##############...,,,
.........##.rrc...........#...,,,
*##$##(#.##....#####..........,,,
###w##.#/##..#O.@............#***
.bOc$..$....T.c$......>......#
.######.#...####.###.........# **
#.#...# #.# #.........# #.#...#
#.# #.........# #.#...#**#.#
#.........# #.+....,,..#
#.........#### ###....#*###
#............. #....#
#.############


You could see Gastronok (swift, fleeing), a centaur warrior, a two-headed ogre
(fleeing, poisoned), a troll (fleeing), a quokka (summoned, fleeing) and a rat
(summoned, fleeing).

Vanquished Creatures
  A two-headed ogre (D:9)
  A boulder beetle (D:6)
  2 cyclopes
  A komodo dragon (D:10)
  4 trolls
  3 dream sheep (D:10)
  A hornet (D:8)
  A shadow (D:11)
  Eustachio (D:4)
  10 yaks
  A steam dragon (D:8)
  3 vampire mosquitoes (D:10)
  Menkaure (D:7)
  3 water moccasins
  3 sky beasts (D:7)
  4 orc warriors
  A black bear (D:5)
  An ogre (D:7)
  8 centaurs
  4 kobold brigands
  3 necrophages
  3 bullfrogs
  3 scorpions
  A gnoll sergeant (D:10)
  10 wights
  11 killer bees
  3 howler monkeys
  3 quasits
  3 orc priests
  4 gnoll boudas
  A jelly (D:6)
  Crazy Yiuf (D:3)
  4 iguanas
  Natasha (thrice) (D:4)
  6 orc wizards
  Robin (D:4)
  12 gnolls
  8 adders
  3 shadow imps (D:6)
  3 white imps
  3 ufetubi
  3 worms
  12 dart slugs
  27 orcs
  10 endoplasms
  2 giant cockroaches
  17 goblins
  10 hobgoblins
  3 jackals (D:4)
  7 quokkas
  10 ball pythons
  4 bats
  3 frilled lizards
  36 kobolds
  5 rats
292 creatures vanquished.

Vanquished Creatures (others)
  22 plants (D:7)
22 creatures vanquished.

Grand Total: 314 creatures vanquished

Notes
Turn   | Place    | Note
-------+----------+-------------------------------------------
     0 | D:1      | DeathPants the Vine Stalker Brigand began the quest for the
                  | Orb.
     0 | D:1      | Reached XP level 1. HP: 11/11 MP: 2/2
   135 | D:1      | Reached skill level 1 in Dodging
   135 | D:1      | Reached XP level 2. HP: 13/15 MP: 3/3
   222 | D:2      | Reached skill level 5 in Stealth
   423 | D:1      | Reached XP level 3. HP: 15/18 MP: 2/4
   955 | D:3      | Gained mutation: Your natural rate of healing is unusually
                  | fast. [Vine Stalker growth]
   955 | D:3      | Reached XP level 4. HP: 16/23 MP: 2/5
  1462 | D:2      | Found a faded altar of an unknown god.
  1725 | D:3      | Reached XP level 5. HP: 27/27 MP: 6/6
  1842 | D:3      | Found a runed translucent door.
  1843 | D:3      | Noticed Crazy Yiuf
  1851 | D:3      | Killed Crazy Yiuf
  2582 | D:4      | Noticed Natasha
  2596 | D:4      | Killed Natasha
  2702 | D:4      | Found a shimmering blue altar of Sif Muna.
  2781 | D:4      | Reached skill level 6 in Stealth
  2781 | D:4      | Reached XP level 6. HP: 32/32 MP: 7/7
  2784 | D:4      | Noticed Natasha
  2798 | D:4      | Killed Natasha
  2920 | D:4      | Reached XP level 7. HP: 36/36 MP: 8/8
  3032 | D:5      | Entered Level 5 of the Dungeon
  3071 | D:4      | Noticed Natasha
  3080 | D:4      | Killed Natasha
  3158 | D:4      | Noticed Robin
  3172 | D:4      | Killed Robin
  3292 | D:4      | Noticed Eustachio
  3309 | D:4      | Killed Eustachio
  4092 | D:5      | Found a hide-covered altar of Uskayaw.
  4137 | D:5      | Reached skill level 7 in Stealth
  4137 | D:5      | Gained mutation: You have razor-sharp teeth. [Vine Stalker
                  | growth]
  4137 | D:5      | Reached XP level 8. HP: 42/42 MP: 9/9
  4767 | D:5      | Found Celal's Book Emporium.
  4921 | D:5      | Found a basalt altar of Yredelemnul.
  5014 | D:5      | Found a staircase to the Ecumenical Temple.
  5031 | Temple   | Entered the Ecumenical Temple
  5486 | D:7      | Reached skill level 8 in Stealth
  5676 | D:7      | Noticed Menkaure
  5676 | D:7      | Noticed a boulder beetle
  5695 | D:6      | Killed a boulder beetle
  5696 | D:6      | Reached skill level 5 in Fighting
  5696 | D:6      | Reached skill level 5 in Short Blades
  5696 | D:6      | Reached skill level 5 in Throwing
  5696 | D:6      | Reached XP level 9. HP: 12/47 MP: 3/10
  6022 | D:7      | Killed Menkaure
  6391 | D:7      | Reached skill level 9 in Stealth
  6566 | D:7      | Reached skill level 5 in Dodging
  6793 | D:7      | Reached XP level 10. HP: 53/53 MP: 11/11
  6976 | D:7      | Learned a level 3 spell: Tukima's Dance
  6982 | D:7      | Learned a level 5 spell: Yara's Violent Unravelling
  7630 | D:8      | Reached skill level 10 in Stealth
  7815 | D:8      | Found an opulent altar of Gozag.
  7815 | D:8      | Found a sparkling altar of Nemelex Xobeh.
  7822 | D:8      | Became a worshipper of Gozag Ym Sagoz the Greedy
  8325 | D:10     | Entered Level 10 of the Dungeon
  8340 | D:10     | Found Deyzxygh's General Store.
  8386 | D:10     | Bought a potion of curing for 36 gold pieces
  8549 | D:9      | Found a staircase to the Orcish Mines.
  8706 | D:9      | Noticed a two-headed ogre
  8722 | D:9      | Killed a two-headed ogre
  8789 | D:9      | You fall into a shaft and drop 3 floors!
  8846 | D:15     | Entered Level 15 of the Dungeon
  8892 | D:12     | Noticed a cyclops
  8900 | D:12     | Killed a cyclops
  8901 | D:12     | Reached skill level 11 in Stealth
  8901 | D:12     | Reached XP level 11. HP: 42/58 MP: 12/12
  8917 | D:11     | Noticed a cyclops
  8925 | D:11     | Killed a cyclops
 10283 | D:10     | Reached skill level 1 in Spellcasting
 10283 | D:10     | Reached skill level 1 in Hexes
 10283 | D:10     | Reached skill level 1 in Transmutations
 10807 | D:10     | Found a runed translucent door.
 10810 | D:10     | Noticed Zonian's ghost (journeyman DjIE)
 11165 | D:11     | Noticed Gastronok
 11203 | D:11     | Noticed a two-headed ogre
 11227 | D:11     | Noticed a centaur warrior
 11244 | D:11     | HP: 3/60 [centaur warrior/arrow (10)]
 11379 | D:11     | Shot with an arrow by a centaur warrior

Illustrated notes

Levels and vault maps discovered:
D:1:      evilmike_arrival_hilbert_curve, layout_basic
D:2:      layout_basic, chequers_ecumenical_altar_lobes, grunt_decor_cap
D:3:      kennysheep_slugbush, layout_basic, uniq_crazy_yiuf_cottage
D:4:      layout_layer_cave, mainiacjoe_overflow_24_doors, uniq_natasha,
          uniq_robin, uniq_eustachio
D:5:      layout_basic, nicolae_uskayaw_murder_on_the_dancefloor,
          lemuel_doored_altar, minmay_temple_entry_offerings, serial_shops,
          shop, minmay_misc_feat_x, minmay_misc_feat_nine_boxes
D:6:      layout_cave_pools, serial_demonic, serial_demonic_e, serial_demonic_a,
          serial_demonic_b, serial_demonic_f
D:7:      kennysheep_kobold_camp, layout_basic, dreamdust_mushroom_princess,
          minmay_between, uniq_menkaure
D:8:      layout_basic, grunt_temple_overflow_opulence, serial_curves,
          eino_curves_03, eino_curves_04
D:9:      layout_grid_maze, david_orc_3, nicolae_wwwww
D:10:     layout_basic, serial_shops, nicolae_lakefront_shop,
          ebering_ghost_reflecting_pool, dreamdust_gnoll_shepherd
D:11:     layout_basic, lair_entry_dummy, portal_ice_cave_demonic_guard,
          minmay_diced_spiral, uniq_gastronok, uniq_josephine
D:12:     layout_basic
D:13:     kennysheep_demon_hangout, layout_loops_ring, david_vaults_1,
          serial_shops, shop, lemuel_flamethrower_2, uniq_lodul
D:14:     minmay_the_grid_triangle_9x9_rhombus_full
          [minmay_the_grid_triangle_9x9_stretched_checkered,
          minmay_the_grid_triangle_9x9_sprig,
          minmay_the_grid_triangle_9x9_fully_insulated_deathbox,
          minmay_the_grid_triangle_9x9_negative_grid,
          minmay_the_grid_triangle_9x9_wacky_v,
          minmay_the_grid_triangle_9x9_longest,
          minmay_the_grid_triangle_9x9_warning,
          minmay_the_grid_triangle_9x9_prize_center], layout_gridville,
          enter_trove_6, nicolae_shop_firing_range
D:15:     hangedman_depths_entry_try_elsewhere_first, layout_stronghold,
          nicolae_wu_jian_immortal_techniques, gauntlet_entry_generic
Temple:   minmay_crystal_spiral_temple

Skill      XL: |  1  2  3  4  5  6  7  8  9 10 11 |
---------------+----------------------------------+-----
Dodging        | 1 2 3 4 5 6 |  6.6
Fighting       | 2 3 5 7 8 |  8.0
Short Blades   | 2 3 5 7 8 |  8.0
Throwing       | 2 3 5 6 |  6.0
Stealth        | 5 6 7 8 9 11 | 11.4
Spellcasting   | 2 |  2.5
Hexes          | 2 |  2.4
Transmutations | 2 |  2.5

Action                   |  1- 3 |  4- 6 |  7- 9 | 10-12 || total
-------------------------+-------+-------+-------+-------++-------
Melee: Dagger            |   102 |   158 |   372 |       ||   632
       Bite              |    17 |    46 |   147 |   175 ||   385
       Punch             |     1 |     1 |     7 |    10 ||    19
       Short sword       |       |       |    64 |   420 ||   484
Throw: Dart              |     2 |    32 |    34 |    77 ||   145
       Throwing net      |       |       |     1 |     1 ||     2
Evoke: Wand              |       |     3 |     3 |     6 ||    12
  Use: Scroll            |       |    11 |    11 |     7 ||    29
       Potion            |       |       |       |     2 ||     2
 Stab: Sleeping          |    10 |     7 |     6 |    10 ||    33
       Invisible         |       |       |     2 |       ||     2
       Held in net/web   |       |       |     1 |       ||     1
       Distracted        |       |       |       |     4 ||     4
Armor: Robe              |    10 |       |       |       ||    10
       Leather armour    |    18 |    37 |   187 |    33 ||   275
       Steam dragon scal |       |       |       |    91 ||    91
Dodge: Dodged            |    57 |    83 |   333 |   304 ||   777

Table legend: (Time is in decaauts)
 A = Elapsed time spent in this place.
 B = Non-inter-level travel time spent in this place.
 C = Inter-level travel time spent in this place.
 D = Time resting spent in this place.
 E = Time spent auto-exploring this place.
 F = Levels seen in this place.
 G = Mean time per level.
                   A        B        C        D        E       F      G
               +--------+--------+--------+--------+--------+-----+--------+
         Total |  11103 |  10689 |    414 |    636 |   6444 |  16 |  693.9 |
       Dungeon |  10891 |  10560 |    331 |    636 |   6332 |  15 |  726.1 |
        Temple |    211 |    128 |     83 |      0 |    112 |   1 |  211.0 |
               +--------+--------+--------+--------+--------+-----+--------+

Top non-repeatable levels by time:
     D:4: 1427 daAuts
     D:9: 1398 daAuts
     D:3: 1110 daAuts
    D:10: 1076 daAuts
     D:7: 1067 daAuts
     D:8: 1062 daAuts
     D:5: 973 daAuts
     D:6: 871 daAuts
     D:2: 737 daAuts
     D:1: 709 daAuts
    D:11: 260 daAuts
  Temple: 211 daAuts
    D:12: 139 daAuts
    D:13: 41 daAuts
    D:14: 15 daAuts
